 Dungeon Crawl Stone Soup version 0.20.1-1-g8b1a95d (webtiles) character file.

87 Irenicus the Insei (level 4, 0/31 HPs)
             Began as an Octopode Chaos Knight on Oct 13, 2017.
             Slain by Terence
             ... wielding a +0 flail
              (8 damage)
             ... on level 2 of the Dungeon.
             The game lasted 00:03:10 (1424 turns).

Irenicus the Insei (Octopode Chaos Knight)          Turns: 1424, Time: 00:03:10

Health: 0/31       AC:  1    Str: 11    XL:     4   Next: 51%
Magic:  4/4        EV: 13    Int: 14    God:    Xom [*.....]
Gold:   16         SH:  4    Dex: 12    Spells: 3/3 levels left

rFire    . . .     SeeInvis .     - Unarmed
rCold    . . .     Gourm    .   f - +0 buckler
rNeg     . . .     Faith    .   (helmet restricted)
rPois    .         Spirit   .   (no amulet)
rElec    .         Reflect  .   (no ring)
rCorr    .         Harm     .   (no ring)
MR       .....                  (no ring)
Stlth    ++........             (no ring)
Regen    0.1/turn               (no ring)
MPRegen  0.1/turn               (no ring)
                                (no ring)
                                (no ring)

@: no status effects
A: almost no armour, stealthy swim, amphibious, 8 rings, constrict 8, camouflage
1, gelatinous body 1
a: Renounce Religion


You were on level 2 of the Dungeon.
You worshipped Xom.
You were a special plaything of Xom.
You were not hungry.

You visited 1 branch of the dungeon, and saw 2 of its levels.

You collected 16 gold pieces.

Inventory:

Armour
 f - a +0 buckler (worn)
Scrolls
 e - 2 scrolls of identify
 h - a scroll of enchant weapon {unknown}
Potions
 c - a potion of mutation {unknown}
 g - a potion of flight
 i - a potion of curing {unknown}
 j - a potion of brilliance {unknown}
 k - 2 potions of haste {unknown}
 m - a potion of magic {unknown}
Comestibles
 a - 2 bread rations
 b - 4 fruits
 d - 3 meat rations
 l - 5 chunks of flesh


   Skills:
 - Level 3.0 Fighting
 - Level 2.3 Dodging
 - Level 3.1 Shields
 + Level 3.9 Unarmed Combat


You had 3 spell levels left.
You didn't know any spells.

Dungeon Overview and Level Annotations

Branches:
Dungeon (2/15)

Altars:

Annotations:
D:2 Sigmund, Terence


Innate Abilities, Weirdness & Mutations

You cannot wear most types of armour.
You are very stealthy in the water. (Stealth+)
You are amphibious.
You can wear up to eight rings at the same time.
You can use your tentacles to constrict eight enemies at once.
Your skin changes colour to match your surroundings (Stealth+).
Your rubbery body absorbs attacks. (AC +1, EV +1)


Message History

You squeeze Terence.
Terence is moderately wounded.
You constrict Terence. Terence misses you.
You tentacle-slap Terence but do no damage.
Terence is moderately wounded.
You constrict Terence. Terence closely misses you.
You tentacle-slap Terence.
Terence is heavily wounded.
You constrict Terence. You tentacle-slap Terence.
Terence is severely wounded.
You constrict Terence, but do no damage.
Terence hits you with a flail!
* * * LOW HITPOINT WARNING * * *
A shower of butterflies erupts from you!
You tentacle-slap Terence but do no damage.
Terence is severely wounded.
You constrict Terence, but do no damage.
Terence hits you with a flail!
You die...

#.#
##.##.............#
#.#
#.##.....#.......#
#.#
#..#.....#.......#
.#
##.#.....#.......#
####.#..(..#.......#
...........#.......#
####.b....#.......#
#......#
######@bb...#
#.....@..#####
#....b.)......
#.............
#.............
#........#####
#.....$..#
#.......>.
#........##


You could see Terence.

Vanquished Creatures
  4 adders (D:2)
  A worm (D:2)
  3 leopard geckos
  7 bats
  2 giant cockroaches (D:1)
  2 goblins
  6 hobgoblins
  7 jackals (D:1)
  2 kobolds (D:2)
  4 frilled lizards
  6 rats
44 creatures vanquished.

Notes
Turn   | Place    | Note
-------+----------+-------------------------------------------
     0 | D:1      | Irenicus the Octopode Chaos Knight began the quest for the Orb.
     0 | D:1      | Reached XP level 1. HP: 16/16 MP: 1/1
   154 | D:1      | Reached skill level 1 in Shields
   157 | D:1      | Reached XP level 2. HP: 19/21 MP: 2/2
   203 | D:1      | XOM: summons 1 hostile demon
   416 | D:1      | XOM: mild Hex miscast
   500 | D:1      | Reached XP level 3. HP: 23/26 MP: 3/3
   958 | D:2      | Noticed Sigmund
  1049 | D:2      | XOM: smoke on damage
  1053 | D:2      | Reached XP level 4. HP: 19/31 MP: 4/4
  1390 | D:2      | XOM is BORED!
  1390 | D:2      | XOM: mild Fire miscast
  1410 | D:2      | Noticed Terence
  1412 | D:2      | XOM: harmless Conj miscast
  1423 | D:2      | XOM: butterfly on damage
  1424 | D:2      | Slain by Terence

Skill      XL: |  1  2  3 |
---------------+----------+-----
Shields        | 1 2 3 |  3.1
Fighting       | |  3.0
Dodging        | |  2.3
Unarmed Combat | |  3.9

Action                   |  1- 3 |  4- 6 || total
-------------------------+-------+-------++-------
Melee: Unarmed           |    72 |    39 ||   111
       Constrict         |    22 |     9 ||    31
       Tentacles         |    16 |     3 ||    19
       Punch             |     2 |     2 ||     4
  Use: Scroll            |     3 |       ||     3
 Stab: Distracted        |     1 |       ||     1
       Sleeping          |     1 |       ||     1
  Eat: Chunk             |       |     2 ||     2
Armor: Skin              |    12 |       ||    12
Dodge: Dodged            |    41 |    11 ||    52
Block: Buckler           |     9 |     9 ||    18
